 Dungeon Crawl Stone Soup version 0.30-a0-596-g0af90f9a20 (webtiles) character file.

Game seed: 16772549509121633923

2083 bmack86 the Fighter (level 9, -1/82 HPs)
             Began as a Minotaur Fighter on Jan 7, 2023.
             Was a Follower of Okawaru.
             Slain by a vampire mosquito (9 damage)
             ... on level 7 of the Dungeon.
             The game lasted 00:13:47 (5784 turns).

bmack86 the Fighter (Minotaur Fighter)              Turns: 5784, Time: 00:13:48

Health: -1/82      AC: 13    Str: 25    XL:     9   Next: 6%
Magic:  8/8        EV:  8    Int:  5    God:    Okawaru [*.....]
Gold:   532        SH:  6    Dex: 16    Spells: 8/8 levels left

rFire   . . .      SeeInvis .    a - +1 war axe (drain)
rCold   . . .      Faith    .    c - +0 buckler
rNeg    . . .      Spirit   .    A - +0 chain mail
rPois   .          Reflect  .    (helmet restricted)
rElec   .          Harm     .    (no cloak)
rCorr   .          Rampage  .    (no gloves)
Will    .....                    j - +2 pair of boots Stlth
                                 (no amulet)
HPRegen 0.33/turn                q - +6 ring of dexterity
MPRegen 0.11/turn                (no ring)

@: no status effects
A: horns 2, retaliatory headbutt
a: Renounce Religion, Heroism


You were on level 7 of the Dungeon.
You worshipped Okawaru.
Okawaru was aware of your devotion.
You visited 2 branches of the dungeon, and saw 8 of its levels.
You also visited: Ossuary.

You collected 532 gold pieces.

Inventory:

Hand Weapons
 a - a +1 war axe of draining (weapon)
Missiles
 i - 3 javelins
 v - 2 boomerangs (quivered)
Armour
 c - a +0 buckler (worn)
 j - a +2 pair of boots (worn)
 A - a +0 chain mail (worn)
Jewellery
 q - a +6 ring of dexterity (left hand)
 x - a ring of ice
Wands
 h - a wand of iceblast (1)
 k - a wand of flame (1)
Scrolls
 n - 2 scrolls of vulnerability
 r - a scroll of amnesia
 t - 2 scrolls of teleportation
 w - 2 scrolls of poison
 B - a scroll of blinking
Potions
 d - 4 potions of might
 f - 3 potions of magic
 g - 4 potions of cancellation
 l - a potion of lignification {unknown}
 o - 6 potions of curing
 p - a potion of flight {unknown}
 s - 4 potions of mutation
 z - a potion of heal wounds
 C - a potion of invisibility {unknown}


   Skills:
 * Level 8.5 Fighting
 * Level 8.0 Axes
 + Level 4.1 Throwing
 + Level 6.4 Armour
 + Level 6.5 Shields


You had 8 spell levels left.
You didn't know any spells.
Your spell library contained the following spells:

 Spells                   Type           Power      Damage    Failure   Level
 Sting                    Tmut/Pois      0%         1d3       99%         1
 Poisonous Vapours        Pois/Air       0%         N/A       99%         2
 Ozocubu's Armour         Ice            0%         N/A       100%        3
 Olgreb's Toxic Radiance  Pois           0%         N/A       100%        4
 Metabolic Englaciation   Hex/Ice        0%         N/A       100%        5
 Simulacrum               Ice/Necr       Unusable   N/A       N/A         6

Dungeon Overview and Level Annotations

Branches:
Dungeon (7/15)             Temple (1/1) D:6         Ossuary (visited)

Altars:
Ashenzari
Dithmenos
Elyvilon
Fedhas
Gozag
Hepliaklqana
Makhleb
Nemelex Xobeh
Okawaru
Qazlal
Ru
Trog
Uskayaw
Vehumet
Wu Jian
Xom
Yredelemnul
Zin
The Shining One

Shops:
D:4 *   D:7 (


Innate Abilities, Weirdness & Mutations

You have a pair of horns on your head.
You reflexively headbutt those who attack you in melee.


Message History

You feel stronger. x2
You closely miss the vampire mosquito. You headbutt the vampire mosquito!
The vampire mosquito is heavily damaged.
The vampire mosquito bites you!
* * * LOW HITPOINT WARNING * * *
The vampire mosquito draws strength from your injuries!
The vampire mosquito bites you but does no damage.
You closely miss the vampire mosquito.
The vampire mosquito is lightly damaged.
You block the vampire mosquito's attack.
The vampire mosquito bites you.
* * * LOW HITPOINT WARNING * * *
The vampire mosquito draws strength from your injuries!
You feel much better. The vampire mosquito bites you.
The vampire mosquito draws strength from your injuries!
You block the vampire mosquito's attack.
The vampire mosquito bites you!
The vampire mosquito draws strength from your injuries!
You slice the vampire mosquito!!
Your headbutt misses the vampire mosquito.
The vampire mosquito is severely damaged.
The vampire mosquito barely misses you.
You block the vampire mosquito's attack.
You closely miss the vampire mosquito.
The vampire mosquito is severely damaged.
You block the vampire mosquito's attack.
The vampire mosquito bites you but does no damage.
You slash the vampire mosquito!
You destroy the vampire mosquito!
Okawaru accepts your kill. The vampire mosquito bites you!
* * * LOW HITPOINT WARNING * * *
The vampire mosquito draws strength from your injuries!
The vampire mosquito bites you but does no damage.
Your Axes skill increases to level 8!
You miss the vampire mosquito. The vampire mosquito bites you!
* * * LOW HITPOINT WARNING * * *
The vampire mosquito draws strength from your injuries!
The vampire mosquito bites you!
You die...

#######
###≈≈§§§######
.
#.#≈.#§§#§§..#
..
#.'.###§§§#.##
...
#.#≈.#§§###.#
.... #.#≈≈§§§#
#.# .....
#.#########.#
..=..$####.#
#......#
.......y@..#
#..######
[.!#########
#.∩..<..#
#########


You could see a vampire mosquito.

Vanquished Creatures
  3 vampire mosquitoes (D:7)
  Eustachio (D:5)
  A water moccasin (D:6)
  3 ice beasts
  A black bear (D:6)
  A centaur (D:5)
  A phantom (D:5)
  A bullfrog (D:4)
  A necrophage (D:6)
  3 scorpions (D:5)
  A howler monkey (D:6)
  5 hounds
  A gnoll bouda (D:6)
  A scorpion zombie (D:4)
  Jessica (D:3)
  An orc wizard (D:3)
  A hound zombie (D:4)
  8 mummies (Ossuary)
  Robin (D:3)
  3 gnolls (D:6)
  7 adders
  2 shadow imps (D:6)
  2 ufetubi
  A worm zombie (D:6)
  2 adder zombies (D:4)
  A worm (D:2)
  3 dart slugs
  14 orcs
  4 endoplasms
  4 giant cockroaches
  A gnoll zombie (Ossuary)
  7 goblins
  13 hobgoblins
  2 jackals (D:1)
  8 kobolds
  3 quokkas
  9 ball pythons
  3 bats
  A frilled lizard (D:3)
  3 hobgoblin zombies (Ossuary)
  3 kobold zombies (Ossuary)
  An orc zombie (Ossuary)
  5 rats
138 creatures vanquished.

Vanquished Creatures (others)
  A withered plant (D:4)
1 creature vanquished.

Grand Total: 139 creatures vanquished

Notes
Turn   | Place    | Note
-------+----------+-------------------------------------------
     0 | D:1      | bmack86 the Minotaur Fighter began the quest for the Orb.
     0 | D:1      | Reached XP level 1. HP: 19/19 MP: 0/0
   205 | D:1      | Reached XP level 2. HP: 23/27 MP: 1/1
   691 | D:2      | Reached XP level 3. HP: 33/33 MP: 2/2
   767 | D:2      | Found a shimmering altar of Xom.
  1269 | D:3      | Noticed Jessica
  1275 | D:3      | Killed Jessica
  1276 | D:3      | Reached skill level 1 in Throwing
  1276 | D:3      | Reached XP level 4. HP: 31/41 MP: 3/3
  1403 | D:3      | Noticed Robin
  1416 | D:3      | Killed Robin
  1483 | D:3      | Reached XP level 5. HP: 32/47 MP: 4/4
  1883 | D:3      | Found a faded altar of an unknown god.
  2155 | D:4      | Reached skill level 5 in Fighting
  2158 | D:4      | Identified the +2 rapier of Satyriasis {heavy, rN+}
  2296 | D:4      | Found a white marble altar of Elyvilon.
  2301 | D:4      | Found a shadowy altar of Dithmenos.
  2408 | D:4      | Found Buzuonwu's Fire Supplies.
  2759 | D:4      | Reached XP level 6. HP: 53/56 MP: 5/5
  3067 | D:5      | Entered Level 5 of the Dungeon
  3138 | D:5      | Noticed an ice beast
  3151 | D:5      | Killed an ice beast
  3160 | D:5      | Reached skill level 5 in Axes
  3351 | D:5      | Reached XP level 7. HP: 63/63 MP: 6/6
  3364 | D:5      | Reached skill level 5 in Armour
  3364 | D:5      | Reached skill level 5 in Shields
  3597 | D:5      | Noticed Eustachio
  3622 | D:5      | Killed Eustachio
  4054 | D:5      | Reached XP level 8. HP: 73/73 MP: 7/7
  4591 | D:6      | Found a sand-covered staircase.
  4616 | Ossuary  | Entered an ossuary
  5159 | D:6      | Found a staircase to the Ecumenical Temple.
  5165 | Temple   | Entered the Ecumenical Temple
  5192 | Temple   | Became a worshipper of Warmaster Okawaru
  5622 | D:6      | Found a glowing golden altar of the Shining One.
  5714 | D:7      | Found Teihamaph's Weapon Shoppe.
  5766 | D:7      | Reached * piety under Okawaru
  5777 | D:7      | Reached XP level 9. HP: 17/82 MP: 8/8
  5784 | D:7      | Slain by a vampire mosquito

Illustrated notes

Levels and vault maps discovered:
D:1:      dpeg_arrival_orchard, layout_loops_ring
D:2:      layout_loops_ring, basic_altar
D:3:      layout_basic, hellmonk_ecumenical_altar_heavens_door, uniq_jessica,
          uniq_robin
D:4:      layout_basic, mainiacjoe_overflow_large_starburst, serial_undead,
          serial_undead_e, serial_undead_c, serial_undead_f, serial_undead_e,
          minivault_11, minmay_strange_pillars, glass_columns_a,
          nicolae_shop_fire_sale [nicolae_sub_dead_trees]
D:5:      layout_basic, uniq_eustachio
D:6:      layout_rooms, mainiacjoe_overflow_brackets, minmay_temple_entry_fiery,
          enter_ossuary_3
D:7:      layout_basic, serial_shops, shop, small_statue_intersection,
          kennysheep_generic_room_13, uniq_maggie
Temple:   kb_temple_of_zot

Skill      XL: |  1  2  3  4  5  6  7  8  9 |
---------------+----------------------------+-----
Fighting       | 4 5 6 7 8 |  8.5
Axes           | 3 4 5 6 7 8 |  8.0
Armour         | 4 5 6 |  6.4
Shields        | 4 5 6 |  6.5
Throwing       | 1 2 3 4 |  4.1

Action                   |  1- 3 |  4- 6 |  7- 9 || total
-------------------------+-------+-------+-------++-------
Melee: War axe           |    66 |   101 |   183 ||   350
       Headbutt          |     8 |    15 |    42 ||    65
Throw: Javelin           |     3 |       |       ||     3
  Use: Scroll            |       |     9 |    10 ||    19
       Potion            |       |       |     1 ||     1
Armor: Scale mail        |    38 |    66 |    51 ||   155
       Chain mail        |       |       |    65 ||    65
Dodge: Dodged            |    34 |    39 |    79 ||   152
Block: Buckler           |    13 |    38 |    77 ||   128

Table legend: (Time is in decaauts)
 A = Elapsed time spent in this place.
 B = Non-inter-level travel time spent in this place.
 C = Inter-level travel time spent in this place.
 D = Time resting spent in this place.
 E = Time spent auto-exploring this place.
 F = Levels seen in this place.
 G = Mean time per level.
                   A        B        C        D        E       F      G
               +--------+--------+--------+--------+--------+-----+--------+
         Total |   5878 |   5458 |    420 |    160 |   3424 |   9 |  653.1 |
       Dungeon |   5504 |   5084 |    420 |    112 |   3338 |   7 |  786.3 |
        Temple |    116 |    116 |      0 |      0 |     59 |   1 |  116.0 |
       Ossuary |    257 |    257 |      0 |     48 |     27 |   1 |  257.0 |
               +--------+--------+--------+--------+--------+-----+--------+

Top non-repeatable levels by time:
     D:5: 1458 daAuts
     D:3: 947 daAuts
     D:4: 890 daAuts
     D:6: 846 daAuts
     D:1: 655 daAuts
     D:2: 628 daAuts
 Ossuary: 257 daAuts
  Temple: 116 daAuts
     D:7: 77 daAuts
